 Dungeon Crawl Stone Soup version 0.19.0-22-gd96e5fe (webtiles) character file.

1430 grisgris the Shield-Bearer (level 8, 0/43 HPs)
             Began as a Gargoyle Fighter on Nov 19, 2016.
             Was a Follower of Hepliaklqana.
             Incinerated by a mottled dragon (6 damage)
             ... with a sticky flame
             ... on level 6 of the Dungeon.
             The game lasted 00:15:27 (6051 turns).

grisgris the Shield-Bearer (Gargoyle Fighter)       Turns: 6051, Time: 00:15:28

Health: 0/43       AC: 20    Str: 22    XL:     8   Next: 73%
Magic:  8/8        EV:  3    Int:  9    God:    Hepliaklqana [*.....]
Gold:   75         SH: 16    Dex:  9    Spells: 0 memorised, 7 levels left

rFire  . . .     SeeInvis .     p - +2 whip
rCold  . . .     Gourm    .     z - +0 plate armour
rNeg   + . .     Faith    .     r - +0 large shield
rPois  ∞         Spirit   .     (no helmet)
rElec  +         Reflect  .     (no cloak)
rCorr  .         Harm     .     B - +0 pair of gloves
MR     .....                    (no boots)
Stlth  ..........               (no amulet)
                                x - ring of flight
                                n - +2 ring of protection

@: liquid flames, glowing
A: reduced essence, negative energy resistance 1, electricity resistance,
unbreathing, petrification resistance, rot immunity, AC +5
a: Recall Ancestor, Ancestor Identity, Renounce Religion, Evoke Flight


You were on level 6 of the Dungeon.
You worshipped Hepliaklqana.
Hepliaklqana was aware of your devotion.
You were hungry.

You visited 2 branches of the dungeon, and saw 7 of its levels.
You also visited: Sewer.

You collected 295 gold pieces.
You spent 220 gold pieces at shops.

Inventory:

Hand Weapons
 p - a +2 whip (weapon)
Armour
 r - a +0 large shield (worn)
 z - a +0 plate armour (worn)
 B - a +0 pair of gloves (worn)
Jewellery
 n - a +2 ring of protection (left hand)
 x - a ring of flight (right hand)
Wands
 t - a wand of lightning (9/15)
 v - a wand of polymorph (12/24)
 y - a wand of iceblast (5/15)
Scrolls
 q - a scroll of teleportation
 w - a scroll of recharging
 A - a scroll of remove curse
Potions
 b - a potion of cure mutation {unknown}
 c - 2 potions of heal wounds {unknown}
 d - 3 potions of might
 g - 3 potions of brilliance
 h - 3 potions of haste
 k - a potion of lignification {unknown}
 m - 5 potions of flight
 o - a potion of berserk rage {unknown}
 s - 2 potions of agility
Books
 a - a book of Changes

   Spells                             Type                      Level
   a - Beastly Appendage              Transmutation                1
   b - Sticks to Snakes               Transmutation                2
   c - Spider Form                    Transmutation/Poison         3
   d - Ice Form                       Ice/Transmutation            4
   e - Blade Hands                    Transmutation                5
 u - a book of Maledictions

   Spells                             Type                      Level
   a - Corona                         Hexes                        1
   b - Ensorcelled Hibernation        Hexes/Ice                    2
   c - Confuse                        Hexes                        3
   d - Tukima's Dance                 Hexes                        3
   e - Dazzling Spray                 Conjuration/Hexes            3
Comestibles
 f - 2 bread rations
 i - 2 beef jerkies
 j - 2 meat rations
 l - 2 fruits


   Skills:
 + Level 4.4 Fighting
 + Level 6.2 Maces & Flails
 + Level 5.2 Armour
 + Level 1.9 Dodging
 + Level 1.7 Stealth
 + Level 7.8 Shields


You had 7 spell levels left.
You didn't know any spells.

Dungeon Overview and Level Annotations

Branches:
Dungeon (6/15)             Temple (1/1) D:4

Altars:
Ashenzari
Cheibriados
Dithmenos
Elyvilon
Fedhas
Hepliaklqana
Kikubaaqudgha
Makhleb
Nemelex Xobeh
Okawaru
Qazlal
Ru
Sif Muna
Trog
Uskayaw
Vehumet
Xom
Yredelemnul
Zin
The Shining One

Shops:
D:5 [


Innate Abilities, Weirdness & Mutations

You are resistant to torment.
Your stone body is resilient. (AC +5)
You are immune to poison.
You resist negative energy. (rN+)
You are resistant to electric shocks. (rElec)
You can survive without breathing.
You are immune to petrification.
You are immune to rotting.
Your life essence is reduced. (-10% HP)


Message History

You hit the mottled dragon but do no damage.
The mottled dragon is almost dead.
The mottled dragon breathes sticky fire at you.
The sticky flame hits you!
You are covered in liquid flames!
Appia barely misses the mottled dragon.
You hear a bark!
You completely miss the mottled dragon.
The mottled dragon is almost dead.
You are covered in liquid flames!
* * * LOW HITPOINT WARNING * * *
The mottled dragon bites you but does no damage.
The mottled dragon claws you but does no damage.
Appia hits the mottled dragon.
You hit the mottled dragon.
You kill the mottled dragon!
You are covered in liquid flames!
* * * LOW HITPOINT WARNING * * *
You are covered in liquid flames!
You die...

##...## #.....
#.....# #..... #
#.....####.....
#.....#........
##R..#####.....
########'###........
##...##.......##....#
#[....#.......##....#
#(..@R'..8....##....#
#(....#.......##....#
##...##.......##....#
#####
########+######....#
....# ###### ....#
....# ....# ....#


You could see the friendly Appia the ancestor.

Vanquished Creatures
  A mottled dragon (D:6)
  An ogre (D:4)
  A necrophage (D:6)
  A centaur (D:4)
  A big kobold (Sewer)
  A scorpion (D:6)
  2 crimson imps
  A hound (D:4)
  A bullfrog zombie (D:6)
  An orc priest (D:5)
  A bullfrog skeleton (D:4)
  An orc wizard (D:1)
  A centaur skeleton (D:4)
  2 iguanas (D:4)
  A worker ant (D:6)
  11 adders
  2 gnolls (D:4)
  A river rat (Sewer)
  2 shadow imps (D:5)
  A worm (D:5)
  4 dart slugs
  5 leopard geckos
  14 orcs
  8 bats
  4 giant cockroaches
  14 goblins
  9 hobgoblins
  A jackal (Sewer)
  6 quokkas
  8 frilled lizards
  9 kobolds
  A leopard gecko skeleton (D:4)
  9 rats
126 creatures vanquished.

Vanquished Creatures (collateral kills)
  Sigmund (D:6)
  A howler monkey (D:5)
  A crimson imp (D:6)
  A bullfrog skeleton (D:5)
  An iguana (D:5)
  An orc wizard (D:5)
  An adder (D:4)
  A gnoll (D:4)
  An adder zombie (D:6)
  5 orcs (D:5)
14 creatures vanquished.

Grand Total: 140 creatures vanquished

Notes
Turn   | Place    | Note
-------+----------+-------------------------------------------
     0 | D:1      | grisgris the Gargoyle Fighter began the quest for the Orb.
     0 | D:1      | Reached XP level 1. HP: 14/14 MP: 1/1
    89 | D:1      | Reached XP level 2. HP: 6/19 MP: 2/2
   835 | D:1      | Reached XP level 3. HP: 22/23 MP: 3/3
  1121 | D:1      | Reached skill level 4 in Shields
  1358 | D:2      | Reached XP level 4. HP: 28/28 MP: 4/4
  1806 | D:2      | Reached XP level 5. HP: 30/33 MP: 5/5
  2192 | D:3      | Found a deep blue altar of Sif Muna.
  2202 | D:3      | Found a sacrificial altar of Ru.
  2513 | D:3      | Reached skill level 5 in Shields
  3456 | D:4      | Reached XP level 6. HP: 28/38 MP: 6/6
  3514 | D:4      | Reached skill level 1 in Dodging
  3561 | D:4      | Found a glowing drain.
  3568 | Sewer    | Entered a sewer
  3825 | Sewer    | Found a white marble altar of Elyvilon.
  4021 | D:4      | Reached XP level 7. HP: 40/43 MP: 7/7
  4040 | D:4      | Reached skill level 6 in Shields
  4184 | D:4      | Found a staircase to the Ecumenical Temple.
  4192 | Temple   | Entered the Ecumenical Temple
  4446 | Temple   | Became a worshipper of Hepliaklqana the Forgotten
  4687 | D:4      | Found a glowing silver altar of Zin.
  4689 | D:4      | Found a glowing golden altar of the Shining One.
  4690 | D:4      | Found a shimmering altar of Xom.
  4690 | D:4      | Found a stormy altar of Qazlal.
  4690 | D:4      | Found an iron altar of Okawaru.
  4795 | D:4      | Found a burning altar of Makhleb.
  4924 | D:5      | Entered Level 5 of the Dungeon
  4924 | D:5      | Found Efuhur's Armour Emporium.
  4932 | D:5      | Bought a cursed +0 plate armour for 220 gold pieces
  5061 | D:5      | Reached skill level 5 in Maces & Flails
  5226 | D:5      | Reached XP level 8. HP: 20/43 MP: 8/8
  5584 | D:5      | Reached skill level 1 in Stealth
  5772 | D:6      | Reached skill level 7 in Shields
  5812 | D:6      | Reached skill level 5 in Armour
  5843 | D:6      | Noticed Sigmund
  5859 | D:6      | Killed Sigmund
  5869 | D:6      | Reached * piety under Hepliaklqana
  6051 | D:6      | Incinerated by a mottled dragon

Skill      XL: |  1  2  3  4  5  6  7  8 |
---------------+-------------------------+-----
Shields        | 4 5 6 7 |  7.8
Maces & Flails | 3 4 5 6 |  6.2
Armour         | 4 5 |  5.2
Dodging        | 1 |  1.9
Fighting       | 4 |  4.4
Stealth        | 1 |  1.7

Action                   |  1- 3 |  4- 6 |  7- 9 || total
-------------------------+-------+-------+-------++-------
Melee: Flail             |   105 |       |       ||   105
       Whip              |    39 |   445 |   270 ||   754
  Use: Scroll            |       |    13 |     3 ||    16
       Potion            |       |       |     4 ||     4
 Stab: Distracted        |       |       |     2 ||     2
  Eat: Chunk             |     1 |     9 |     6 ||    16
       Pizza             |     1 |       |       ||     1
Armor: Scale mail        |    76 |   180 |    21 ||   277
       Plate armour      |       |       |    82 ||    82
Dodge: Dodged            |    42 |    75 |    23 ||   140
Block: Shield            |    68 |    59 |       ||   127
       Large shield      |       |   285 |   141 ||   426
